 Dungeon Crawl Stone Soup version 0.26.0-10-g1f06aea511 (webtiles) character file.

Game seed: 17418182683216513228

148 wakim the Conjurer (level 5, -2/28 HPs)
             Began as a Deep Elf Conjurer on Jan 27, 2021.
             Killed by divine providence
             ... invoked by an orc priest
              (12 damage)
             ... on level 3 of the Dungeon on Jan 28, 2021.
             The game lasted 00:09:37 (1948 turns).

wakim the Conjurer (Deep Elf Conjurer)              Turns: 1948, Time: 00:09:37

Health: -2/28      AC:  2    Str:  5    XL:     5   Next: 8%
Magic:  8/11       EV: 13    Int: 23    God:
Gold:   108        SH:  0    Dex: 13    Spells: 3/10 levels left

rFire    . . .     SeeInvis .   g - +0 dagger
rCold    . . .     Faith    .   (no shield)
rNeg     . . .     Spirit   .   a - +0 robe
rPois    .         Reflect  .   (no helmet)
rElec    .         Harm     .   (no cloak)
rCorr    .         Rampage  .   (no gloves)
Will     .....                  (no boots)
Stlth    ++........             o - amulet of regeneration
HPRegen  0.49/turn              (no ring)
MPRegen  0.12/turn              (no ring)

@: no status effects
A: no striking features
a: no special abilities


You were on level 3 of the Dungeon.
You visited 1 branch of the dungeon, and saw 3 of its levels.

You collected 108 gold pieces.

Inventory:

Hand Weapons
 g - a +0 dagger (weapon)
Armour
 a - a +0 robe (worn)
Jewellery
 o - an amulet of regeneration (around neck)
Scrolls
 b - a scroll of magic mapping {unknown}
 e - 3 scrolls of teleportation {unknown}
 f - 2 scrolls of blinking {unknown}
 h - a scroll of fog {unknown}
 j - 2 scrolls of identify {unknown}
 l - a scroll of amnesia {unknown}
 n - 2 scrolls of remove curse {unknown}
Potions
 c - a potion of haste {unknown}
 d - a potion of lignification {unknown}
 i - 3 potions of flight {unknown}
 k - a potion of mutation {unknown}
 m - a potion of curing {unknown}
 p - a potion of ambrosia {unknown}
 q - a potion of brilliance {unknown}


   Skills:
 - Level 2.4 Dodging
 - Level 2.4 Stealth
 - Level 3.0 Spellcasting
 * Level 6.8 Conjurations
 + Level 1.9 Hexes


You had 3 spell levels left.
You knew the following spells:

 Your Spells              Type           Power        Failure   Level
a - Magic Dart            Conj           100%         1%          1
b - Searing Ray           Conj           68%          1%          2
c - Fulminant Prism       Conj/Hex       11%          19%         4

Your spell library contained the following spells:

 Spells                   Type           Power        Failure   Level
 Dazzling Flash           Conj/Hex       46%          6%          3
 Iskenderun's Mystic Bla  Conj/Tloc      19%          28%         4


Dungeon Overview and Level Annotations

Branches:
Dungeon (3/15)

Altars:
Dithmenos


Message History

Pain shoots through your body!
The orc priest invokes the aid of Beogh against you.
Beogh smites you!
Ouch! That really hurt!
* * * LOW HITPOINT WARNING * * *
Casting: Searing Ray (safe; 1% risk of failure)
Confirm with . or Enter, or press ? or * to list all spells.
Aiming: Searing Ray (safe; 1% risk of failure)
Press: ? - help, Shift-Dir - straight line, f - orc priest
Aim: an orc priest, wielding a +0 whip and wearing a +0 ring mail (17% to evade)
The searing ray hits the orc priest!
The orc priest is heavily wounded. (Press . to maintain the ray.)
The searing ray hits the orc priest!
You kill the orc priest!
You have reached level 5!
An orc priest comes into view. It is wielding a -2 hand axe.
The orc priest calls down the wrath of Beogh upon you.
Beogh smites you!
You die...

##.#..#.....# #....##
#.###o##....###......
##.#.......#.........
##..#####.......#.##
##.# ##......#... #.#
#......#### #.#
#.....$.... #.#
#.....##### ##@##
#..... # #...# #
#.#.# # #..)# #
###.####### #######
#)......# #......
#.#####.# #.#####
#.#####.###.#####
#................


You could see an orc priest.

Vanquished Creatures
  2 orc priests (D:3)
  2 adders (D:2)
  An ooze (D:1)
  4 dart slugs
  3 leopard geckos
  4 orcs (D:3)
  3 giant cockroaches
  2 goblins (D:1)
  6 hobgoblins
  7 jackals
  A kobold (D:1)
  2 quokkas (D:2)
  6 bats
  4 frilled lizards
  2 rats
49 creatures vanquished.

Notes
Turn   | Place    | Note
-------+----------+-------------------------------------------
     0 | D:1      | wakim the Deep Elf Conjurer began the quest for the Orb.
     0 | D:1      | Reached XP level 1. HP: 10/10 MP: 6/6
   114 | D:1      | Reached XP level 2. HP: 6/15 MP: 1/8
   285 | D:1      | Learned a level 2 spell: Searing Ray
   300 | D:1      | Reached skill level 5 in Conjurations
   713 | D:1      | Reached XP level 3. HP: 19/19 MP: 6/9
   966 | D:2      | Reached skill level 6 in Conjurations
  1061 | D:2      | Found a shadowy altar of Dithmenos.
  1265 | D:2      | Reached XP level 4. HP: 24/24 MP: 3/10
  1420 | D:2      | Learned a level 4 spell: Fulminant Prism
  1852 | D:3      | Reached skill level 1 in Hexes
  1938 | D:3      | Reached XP level 5. HP: 4/28 MP: 7/11
  1948 | D:3      | Killed from afar by an orc priest

Illustrated notes

Levels and vault maps discovered:
D:1:      wander_arrival_fairy_ring, layout_basic
D:2:      layout_loops_cross, grunt_dithmenos_smoke_and_mirrors
D:3:      layout_loops_cross

Skill      XL: |  1  2  3  4 |
---------------+-------------+-----
Conjurations   | 5 6 |  6.8
Hexes          | 1 |  1.9
Dodging        | |  2.4
Stealth        | |  2.4
Spellcasting   | |  3.0

Action                   |  1- 3 |  4- 6 || total
-------------------------+-------+-------++-------
Melee: Unarmed           |     9 |       ||     9
       Dagger            |       |     9 ||     9
 Cast: Magic Dart        |    45 |    11 ||    56
       Searing Ray       |     7 |     7 ||    14
Armor: Robe              |     3 |     1 ||     4
Dodge: Dodged            |     9 |    11 ||    20
